AoeStats
← HR Pinkman

Arena

508030336Analyzed
4v4 RM · 11d ago on Sep 20, 2026· 44m 46s· 8 players
Game mode
Random Map
Map size
Large (8 player)
Population
200
Speed
Normal
Resources
Standard
Victory
Conquest
Starting age
Dark Age
Ending age
Imperial Age
RankedLock teamsTeams togetherTeam positionsShared explorationLock speedFull tech treeHidden civsTurbo modeCheats
Victory
Defeat
🇨🇱 Wei · Chile
1912
+11
🇨🇱 Wu · Chile
1879
+12
🇨🇱 Burmese · Chile
1865
+13
🇵🇪 Armenians · Peru
1755
+18
🇳🇱 Bengalis · Netherlands
1831
-15
🇸🇪 Vikings · Sweden
1830
-15
🇳🇱 Ethiopians · Netherlands
1760
-12
🇳🇱 Saracens · Netherlands
1753
-12
Lauth3
10:38 Feudal Age
14:44 Castle Age
12:35 Horse Collar
12:41 Double-Bit Axe
20:32 Wheelbarrow
19:43 Loom
26:59 Imperial Age
25:53 Fletching
26:34 Crossbowman
27:19 Thumb Ring
30:47 Bodkin Arrow
31:37 Bracer
31:38 Padded Archer Armor
33:27 Ballistics
32:58 Arbalester
35:21 Chemistry
36:42 Leather Archer Armor
38:29 Ring Archer Armor
Pollux
9:47 Feudal Age
13:37 Castle Age
11:52 Double-Bit Axe
12:18 Horse Collar
18:18 Loom
19:12 Wheelbarrow
23:34 Bow Saw
24:27 Fletching
29:15 Imperial Age
26:57 Gold Mining
27:04 Stone Mining
29:08 Hand Cart
28:55 Heavy Plow
29:45 Gold Shaft Mining
30:11 Scale Barding Armor
30:17 Forging
30:46 Bloodlines
30:37 Husbandry
32:02 Chain Barding Armor
33:40 Plate Barding Armor
35:16 Iron Casting
34:26 Elite Mameluke
35:48 Conscription
35:38 Bimaristan
37:24 Chemistry
36:16 Light Cavalry
37:58 Blast Furnace
36:58 Bodkin Arrow
37:24 Hussar
39:19 Bracer
39:28 Town Watch
Gordito
10:15 Feudal Age
14:06 Castle Age
12:11 Double-Bit Axe
12:14 Horse Collar
15:24 Bow Saw
16:53 Heavy Plow
22:13 Wheelbarrow
22:28 Loom
24:28 Sanctity
24:05 Gold Mining
24:06 Stone Mining
25:06 Hand Cart
24:37 Town Watch
28:19 Imperial Age
27:11 Fletching
28:33 Bodkin Arrow
29:23 Bracer
30:30 Chemistry
31:21 Padded Archer Armor
ZumZum
10:58 Feudal Age
14:33 Castle Age
12:40 Double-Bit Axe
12:58 Horse Collar
19:52 Bow Saw
20:00 Loom
32:02 Stone Mining
32:15 Heavy Plow
40:21 Fortified Wall
44:37 Gold Mining
HR Whitecourt
8:05 Feudal Age
8:34 Double-Bit Axe
8:29 Horse Collar
9:08 Gold Mining
15:45 Castle Age
14:10 Stone Mining
17:11 Bow Saw
17:38 Town Watch
19:07 Scale Barding Armor
23:44 Heavy Plow
26:20 Wheelbarrow
26:21 Devotion
27:26 Forging
26:44 Light Cavalry
28:01 Husbandry
29:45 Chain Barding Armor
30:32 Bloodlines
33:16 Hand Cart
32:48 Loom
35:45 Gold Shaft Mining
36:11 Fletching
39:33 Imperial Age
37:23 Bodkin Arrow
38:31 Iron Casting
38:45 Masonry
38:56 Ballistics
41:27 Chemistry
40:30 Bracer
41:29 Padded Archer Armor
41:31 Murder Holes
43:02 Leather Archer Armor
44:14 Ring Archer Armor
44:44 Blast Furnace
44:16 Tuntian
44:45 Ming Guang Armor
44:40 Conscription
43:46 Elite Skirmisher
44:53 Parthian Tactics
44:40 Thumb Ring
HR PUGRRITO
10:41 Feudal Age
14:50 Castle Age
13:03 Horse Collar
13:55 Loom
15:29 Fletching
24:12 Bodkin Arrow
28:30 Heavy Plow
28:15 Double-Bit Axe
28:50 Double-Bit Axe
29:45 Bow Saw
32:29 Wheelbarrow
31:39 Town Watch
31:46 Gold Mining
31:47 Stone Mining
33:05 Padded Archer Armor
35:13 Hand Cart
36:00 Ballistics
36:14 Elite Skirmisher
39:55 Imperial Age
36:50 Elite Skirmisher
38:04 Padded Archer Armor
37:48 Crossbowman
39:01 Leather Archer Armor
41:49 Chemistry
40:52 Bracer
41:22 Ring Archer Armor
42:25 Block Printing
42:34 Pikeman
43:14 Squires
42:59 Arson
43:48 Capped Ram
45:00 Masonry
HR AboKeiTo
10:35 Feudal Age
14:16 Castle Age
12:10 Double-Bit Axe
12:14 Horse Collar
14:19 Light Cavalry
15:15 Bow Saw
17:10 Heavy Plow
19:28 Wheelbarrow
19:50 Loom
21:50 Hand Cart
22:31 Bloodlines
23:24 Husbandry
25:57 Gold Mining
29:21 Imperial Age
26:59 Loom
27:14 Stone Mining
28:00 Gold Shaft Mining
27:06 Treadmill Crane
28:12 Pikeman
28:52 Squires
29:33 Halberdier
30:14 Scale Mail Armor
30:24 Forging
31:08 Sitting Tiger
31:28 Conscription
31:29 Chain Mail Armor
33:10 Chemistry
33:08 Arson
34:48 Plate Mail Armor
35:45 Fletching
36:17 Ballistics
39:08 Iron Casting
41:36 Blast Furnace
41:42 Red Cliffs Tactics
41:04 Elite Fire Archer
HR Pinkman
10:48 Feudal Age
11:35 Horse Collar
14:26 Castle Age
12:10 Horse Collar
15:11 Heavy Plow
20:19 Wheelbarrow
20:38 Loom
25:46 Redemption
25:40 Atonement
26:26 Devotion
27:35 Town Watch
31:42 Hand Cart
35:56 Imperial Age
33:28 Scale Mail Armor
34:21 Gold Mining
35:18 Chain Mail Armor
35:13 Forging
35:25 Padded Archer Armor
35:12 Pikeman
35:53 Squires
35:38 Arson
36:32 Gold Shaft Mining
37:09 Plate Mail Armor
36:00 Halberdier
36:02 Capped Ram
37:11 Conscription
39:20 Chemistry
38:31 Masonry
39:06 Iron Casting
41:00 Blast Furnace
41:01 Ballistics
41:48 Architecture
41:11 Fletching
42:58 Bodkin Arrow
42:53 Heavy Scorpion
43:17 Treadmill Crane
Connection lost

Rejoining the realm…

Still unreachable

The connection could not be restored.

Session expired

The server has moved on; the page needs a fresh start.